 Dungeon Crawl Stone Soup version 0.21.1-1-g345015f (webtiles) character file.

533 homeworkjunkie the Chopper (level 7, -13/61 HPs)
             Began as a Hill Orc Fighter on Feb 5, 2018.
             Was a Follower of Okawaru.
             Mangled by an ogre
             ... wielding a +0 giant club
              (26 damage)
             ... on level 5 of the Dungeon.
             The game lasted 00:05:20 (3318 turns).

homeworkjunkie the Chopper (Hill Orc Fighter)       Turns: 3318, Time: 00:05:21

Health: -13/61     AC:  8    Str: 21    XL:     7   Next: 24%
Magic:  8/8        EV:  7    Int:  8    God:    Okawaru [*.....]
Gold:   187        SH: 10    Dex: 15    Spells: 6/6 levels left

rFire    x . .     SeeInvis .   a - +1 war axe
rCold    + . .     Gourm    .   c - +0 shield
rNeg     . . .     Faith    .   b - +0 scale mail
rPois    .         Spirit   .   (no helmet)
rElec    .         Reflect  .   (no cloak)
rCorr    .         Harm     .   (no gloves)
MR       .....                  j - +0 pair of boots
Stlth    ..........             o - amulet of regeneration
HPRegen  0.60/turn              g - +5 ring of dexterity
MPRegen  0.11/turn              h - ring of ice

@: drained
A: no striking features
a: Heroism, Renounce Religion


You were on level 5 of the Dungeon.
You worshipped Okawaru.
Okawaru was aware of your devotion.
You were not hungry.

You visited 2 branches of the dungeon, and saw 7 of its levels.

You collected 187 gold pieces.

Inventory:

Hand Weapons
 a - a +1 war axe (weapon)
Armour
 b - a +0 scale mail (worn)
 c - a +0 shield (worn)
 j - a +0 pair of boots (worn)
Jewellery
 g - a +5 ring of dexterity (left hand)
 h - a ring of ice (right hand)
 o - an amulet of regeneration (around neck)
 s - a cursed amulet of inaccuracy {unknown}
Scrolls
 i - a scroll of teleportation
 k - 2 scrolls of identify
 n - a scroll of enchant armour {unknown}
 q - a scroll of remove curse
Potions
 d - a potion of heal wounds {unknown}
 e - 2 potions of lignification {unknown}
 m - a potion of flight {unknown}
 p - 2 potions of curing {unknown}
 r - a potion of haste
 t - a potion of might
Comestibles
 f - 8 rations


   Skills:
 * Level 5.2(4.5) Fighting
 * Level 6.1(5.4) Axes
 * Level 4.8(4.2) Armour
 + Level 1.0(0.4) Dodging
 * Level 4.9(4.2) Shields
   Level 1.4(0.8) Evocations


You had 6 spell levels left.
You didn't know any spells.

Dungeon Overview and Level Annotations

Branches:
Dungeon (6/15)             Temple (1/1) D:5

Altars:
Elyvilon
Kikubaaqudgha
Okawaru
Uskayaw
Wu Jian
Zin

Shops:
D:2 *


Message History

You are too injured to fight recklessly!
You are too injured to fight recklessly!
You are too injured to fight recklessly!
You are too injured to fight recklessly!
You are too injured to fight recklessly!
You are too injured to fight recklessly!
You are too injured to fight recklessly!
You are too injured to fight recklessly!
You are too injured to fight recklessly!
You are too injured to fight recklessly!
You are too injured to fight recklessly!
You are too injured to fight recklessly!
Your shield and scale mail prevent you from hitting the ogre.
The ogre is severely wounded.
The ogre hits you with a giant club!
* * * LOW HITPOINT WARNING * * *
You hit the ogre.
The ogre is almost dead.
The ogre hits you with a giant club!!
You die...

+ .# ## ###. ..# .
....###.. .###
##......# ....
##.......######..#..
#.........##........
+.........'.........
#.........##@#...##
#.......###O# ##
##.....## #l#
##...## #.# ##'##
#.# #.# #.# ######
#.# #.# .....####.##
#.#
.###...###.#####.#


You could see an ogre and a leopard gecko.

Vanquished Creatures
  Edmund (D:4)
  A gnoll sergeant (D:5)
  2 orc priests (D:3)
  A hound (D:4)
  4 worker ants
  An adder (D:3)
  5 gnolls (D:5)
  2 worms (D:2)
  A dart slug (D:1)
  A leopard gecko (D:1)
  14 orcs
  9 bats
  7 giant cockroaches
  12 goblins
  9 hobgoblins
  7 jackals
  2 quokkas
  4 frilled lizards
  8 kobolds
  7 rats
98 creatures vanquished.

Notes
Turn   | Place    | Note
-------+----------+-------------------------------------------
     0 | D:1      | homeworkjunkie the Hill Orc Fighter began the quest for the Orb.
     0 | D:1      | Reached XP level 1. HP: 19/19 MP: 1/1
    71 | D:1      | Reached XP level 2. HP: 22/27 MP: 2/2
   239 | D:2      | Reached XP level 3. HP: 30/33 MP: 3/3
   346 | D:2      | Found Zin's Purification Station.
   349 | D:2      | Found a glowing silver altar of Zin.
   483 | D:3      | Found an ornate altar of the Wu Jian Council.
   588 | D:3      | Reached skill level 3 in Axes
   588 | D:3      | Reached XP level 4. HP: 33/40 MP: 4/4
   757 | D:3      | Reached skill level 4 in Axes
   757 | D:3      | Reached XP level 5. HP: 3/47 MP: 5/5
  1559 | D:3      | Found a faded altar of an unknown god.
  1862 | D:2      | Found a white marble altar of Elyvilon.
  2080 | D:1      | Found an iron altar of Okawaru.
  2090 | D:1      | Became a worshipper of Warmaster Okawaru
  2871 | D:4      | Noticed Edmund
  2886 | D:4      | Killed Edmund
  2886 | D:4      | Reached skill level 5 in Axes
  2886 | D:4      | Reached skill level 1 in Evocations
  2886 | D:4      | Reached XP level 6. HP: 15/55 MP: 6/6
  3043 | D:4      | Reached skill level 5 in Fighting
  3051 | D:5      | Entered Level 5 of the Dungeon
  3077 | D:4      | Noticed a hand axe
  3078 | D:4      | Noticed a hand axe
  3078 | D:4      | Found a hide-covered altar of Uskayaw.
  3192 | D:5      | Reached * piety under Okawaru
  3192 | D:5      | Reached XP level 7. HP: 39/61 MP: 6/8
  3193 | D:5      | Found a staircase to the Ecumenical Temple.
  3201 | D:5      | Reached skill level 6 in Axes
  3203 | D:5      | Reached skill level 1 in Dodging
  3250 | Temple   | Entered the Ecumenical Temple
  3318 | D:5      | Mangled by an ogre

Skill      XL: |  1  2  3  4  5  6  7 |
---------------+----------------------+-----
Fighting       | 4 5 |  5.2
Axes           | 3 4 5 6 |  6.1
Shields        | 4 |  4.9
Armour         | 4 |  4.8
Evocations     | 1 |  1.4
Dodging        | 1 |  1.0

Action                   |  1- 3 |  4- 6 |  7- 9 || total
-------------------------+-------+-------+-------++-------
Melee: War axe           |    87 |   175 |    20 ||   282
Evoke: Wand              |       |     7 |     1 ||     8
  Use: Potion            |     1 |     2 |       ||     3
       Scroll            |       |     8 |       ||     8
  Eat: Ration            |     1 |     2 |       ||     3
Armor: Scale mail        |    47 |    78 |     5 ||   130
Dodge: Dodged            |    34 |    47 |     6 ||    87
Block: Shield            |    50 |   123 |    17 ||   190
